General information
- name: 1v1 obs #12
- type: Custom game
- host: snarker
- saver: TIMG4STRok
map: TwistedMeadows
- players: 8
- length: 12:41
- speed: Fast
- version: 1.21 W3XP
- replay type:

» download(49 KB)
Players
team 1 (loser)

»
ChiCo[BUS] (
blue | 97 APM | 1230 actions | 12:40)
2 Demon Hunter
1 Mana Burn
1 Evasion
1 Naga Sea Witch
1 Frost Arrows
» actions
| Assign group hotkey | 7 | |
| Basic commands | 3 | |
| Build / train | 26 | |
| ESC pressed | 5 | |
| Enter build submenu | 19 | |
| Enter hero's abilities submenu | 4 | |
| Right click | 888 | |
| Select / deselect | 207 | |
| Select group hotkey | 13 | |
| Use ability | 58 | |
1230 total
» units
» buildings
| Altar of Elders | 1 | |
| Moon Well | 4 | |
| Ancient of War | 3 | |
| Hunter's Hall | 2 | |
| Tree of Ages | 2 | |
| Ancient Protector | 3 | |
15 total
» build order
00:08 Altar of Elders
00:18 Moon Well
01:20 Moon Well
01:36 Moon Well
01:43 Moon Well
02:26 Ancient of War
02:48 Hunter's Hall
03:12 Ancient of War
03:19 Ancient of War
05:04 Tree of Ages
06:14 Tree of Ages
09:24 Ancient Protector
10:49 Hunter's Hall
11:54 Ancient Protector
11:58 Ancient Protector
team 2 (winner)

»
TIMG4STRok (
red | 142 APM | 1804 actions | 12:41)
3 Demon Hunter
1 Mana Burn
2 Evasion
2 Pandaren Brewmaster
1 Breath of Fire
1 Drunken Brawler
» actions
| Assign group hotkey | 29 | |
| Basic commands | 10 | |
| Build / train | 40 | |
| ESC pressed | 1 | |
| Enter build submenu | 12 | |
| Enter hero's abilities submenu | 5 | |
| Give item / drop item | 1 | |
| Right click | 994 | |
| Select / deselect | 200 | |
| Select group hotkey | 467 | |
| Use ability | 45 | |
1804 total
» units
» upgrades
» buildings
| Altar of Elders | 1 | |
| Moon Well | 4 | |
| Ancient of War | 2 | |
| Tree of Ages | 1 | |
| Hunter's Hall | 1 | |
| Ancient of Lore | 2 | |
| Ancient Protector | 1 | |
| Ancient of Wonders | 1 | |
| Tree of Eternity | 1 | |
14 total
» build order
00:03 Altar of Elders
00:19 Moon Well
00:50 Ancient of War
01:41 Ancient of War
02:49 Tree of Ages
02:52 Moon Well
04:37 Hunter's Hall
05:57 Ancient of Lore
05:58 Ancient of Lore
06:02 Moon Well
08:16 Moon Well
08:27 Ancient Protector
09:53 Ancient of Wonders
09:54 Tree of Eternity
» items
| Staff of Preservation | 1 | |
| Potion of Healing | 1 | |
2 total
observerssnarker,
NFM-MiTcH,
MattDamon-,
NFM-RyCon-,
Touch.It[ReMiX],
4R-mUst Chat log
(05:27 / All) TIMG4STRok: WOOPPS
(10:14 / All) ChiCo[BUS]: donno why i did that
(12:39 / All) ChiCo[BUS]: gg